 Dungeon Crawl Stone Soup version 0.18.1-50-g88ac8fd (webtiles) character file.

133893 theElss the Peltast (level 17, -8/114 HPs)
             Began as a Gargoyle Berserker on Oct 13, 2016.
             Was the Champion of Trog.
             Mangled by a bog body (13 damage)
             ... on level 2 of the Swamp.
             The game lasted 02:04:47 (38734 turns).

theElss the Peltast (Gargoyle Berserker)           Turns: 38734, Time: 02:04:49

Health: -8/114     AC: 47    Str: 27    XL:     17   Next: 15%
Magic:  17/17      EV: 11    Int:  9    God:    Trog [******]
Gold:   2628       SH: 15    Dex:  9    Spells: 0 memorised, 16 levels left

rFire  + . .     SeeInvis .     X - +5 flail (protect)
rCold  . . .     Gourm    .     y - +3 plate armour {rF+}
rNeg   + . .     Faith    .     O - +1 shield {AC+3}
rPois  ∞         Spirit   .     w - +0 helmet
rElec  +         Dismiss  .     N - +0 cloak
rCorr  +         Reflect  .     n - +0 pair of gloves
SustAt +         Harm     .     p - +0 pair of boots
MR     +....                    (no amulet)
Stlth  ..........               k - ring of sustain attributes
                                C - ring of resist corrosion

@: exhausted, flying, slowed, very slow, somewhat resistant to hostile
enchantments, extremely unstealthy
A: big wings, negative energy resistance 1, electricity resistance, unbreathing,
petrification resistance, rot immunity, AC +12
a: Stop Flying, Berserk, Trog's Hand, Brothers in Arms, Burn Spellbooks,
Renounce Religion


You were on level 2 of the Swamp.
You worshipped Trog.
Trog was exalted by your worship.
You were near starving.

You visited 4 branches of the dungeon, and saw 27 of its levels.
You also visited: Labyrinth.

You collected 2952 gold pieces.
You spent 324 gold pieces at shops.

Inventory:

Hand Weapons
 X - a +5 flail of protection (weapon)
Armour
 n - a +0 pair of gloves (worn)
 p - a +0 pair of boots (worn)
 w - a +0 helmet (worn)
 y - a +3 plate armour of fire resistance (worn)
 N - a +0 cloak (worn)
 O - a +1 shield of protection (worn)
Jewellery
 b - a +1 ring of protection
 k - a ring of sustain attributes (right hand)
 v - an uncursed ring of fire
 C - a ring of resist corrosion (left hand)
 M - an uncursed ring of see invisible
Wands
 t - a wand of slowing (25/48)
 x - a wand of acid (7/15)
 D - a wand of polymorph (16/24)
 K - a wand of digging (7/24)
 T - a wand of flame (3/48)
Scrolls
 a - a scroll of identify
 h - 15 scrolls of remove curse
 i - a scroll of blinking
 o - a scroll of holy word
 q - a scroll of enchant armour
 r - 4 scrolls of magic mapping
 F - 8 scrolls of teleportation
 I - 2 scrolls of fog
 L - 4 scrolls of fear
Potions
 d - 2 potions of invisibility
 e - a potion of agility
 f - 2 potions of berserk rage
 g - 3 potions of heal wounds
 j - a potion of might
 s - 13 potions of curing
 u - a potion of cure mutation
 B - 2 potions of haste
Miscellaneous
 S - a phial of floods
 Y - 2 phantom mirrors
Comestibles
 c - 12 bread rations
 l - a beef jerky
 m - 13 meat rations
 z - 25 fruits


   Skills:
 * Level 15.6 Fighting
 - Level 14.3 Maces & Flails
 + Level 14.7 Armour
 + Level 8.6 Dodging
 + Level 16.1 Shields
 - Level 0.1 Evocations


You had 16 spell levels left.
You didn't know any spells.

Dungeon Overview and Level Annotations

Branches:
Dungeon (15/15)            Temple (0/1) D:7            Lair (8/8) D:8
  Swamp (2/4) Lair:5       Spider (0/4) Lair:6        Slime (0/6) Lair:8
    Orc (2/2) D:10            Elf (0/3) Orc:2        Vaults (0/5) D:13
 Depths (0/5) D:15

Altars:
Ashenzari
Dithmenos
Gozag
Kikubaaqudgha
Makhleb
Okawaru
Pakellas
Qazlal
Sif Muna
Xom
Yredelemnul
Zin
The Shining One
Beogh

Shops:
D:15 *   Orc:1 =   Orc:2 ?*(*


Innate Abilities, Weirdness & Mutations

You are resistant to torment.
Your stone body is resilient (AC +12).
You are immune to poison.
Your large and strong wings let you fly indefinitely.
You resist negative energy.
You are resistant to electric shocks.
You can survive without breathing.
You are immune to petrification.
You are immune to rotting.


Message History

You block the seven-headed hydra's attack. x2
The seven-headed hydra bites you but does no damage.
The seven-headed hydra closely misses you.
You hit the seven-headed hydra.
You kill the seven-headed hydra!
Trog accepts your kill.
The bog body hits you but does no damage.
The bog body touches you but does no damage.
You sock the bog body!
The bog body is heavily damaged.
The bog body casts a spell at you. The bolt of cold hits you!
The bog body closely misses you. x2
You hit the bog body.
The bog body is heavily damaged.
The bog body hits you!
* * * LOW HITPOINT WARNING * * *
The bog body touches you.
* * * LOW HITPOINT WARNING * * *
The bog body freezes you!
You die...

.≈≈≈≈≈≈.≈≈≈≈≈≈≈≈≈≈≈.♣≈..≈..≈♣♣≈..
.....≈.≈≈≈≈≈≈≈≈≈≈≈..♣♣♣...♣♣♣ ♣♣.
♣≈.≈≈≈≈≈≈≈≈≈≈≈≈≈....♣..≈.♣♣
...≈≈≈≈≈≈≈≈≈≈≈≈....)).≈..♣
.....?≈≈.≈≈≈≈≈..≈...♣♣♣♣♣♣ ♣≈
.<♣♣≈.....≈≈≈.....♣♣♣≈..♣♣♣ ♣.
...♣♣♣♣♣♣♣..≈......≈≈.≈≈≈≈♣♣ ♣.
≈≈♣.♣ ♣♣...♣♣♣.n♣♣≈≈≈>≈≈...♣ ♣♣.
≈≈≈♣♣ ♣≈≈≈.♣♣♣♣≈@†.........♣♣♣♣.≈
≈.♣♣ ♣.≈≈..♣♣♣..♣♣..≈..≈≈≈♣≈..≈≈
≈.♣♣ ♣..≈≈≈≈§.§♣♣♣≈.≈≈≈≈≈.......
≈≈≈♣♣♣♣...≈≈≈≈≈♣♣ ♣♣♣♣≈≈≈..≈≈....
...♣♣.≈..≈....♣♣ ♣.≈..♣≈.....
.≈♣♣♣.≈"♣♣♣≈♣♣♣ ♣♣♣♣♣♣♣.≈♣♣♣ ♣♣♣
♣♣♣♣♣ ♣♣♣ ♣♣♣♣


You could see a bog body.

Vanquished Creatures
  Kirke (Swamp:1)
  A thorn hunter (Swamp:1)
  An orc warlord (Orc:2)
  The ghost of varam the Unseen, a journeyman SpEn of Kikubaaqudgha (Lair:8)
  A death ooze (Lair:8)
  A minotaur (Lab)
  The ghost of inmateoo the Grappler, a journeyman TrWn of Cheibriados (D:10)
  Josephine (Swamp:1)
  3 vault guards (D:13)
  An ogre mage (D:15)
  Harold (Lair:3)
  2 ghost crabs
  An ice dragon (Lair:1)
  8 hydras
  5 centaur warriors
  The ghost of nikopol the Spear-Bearer, a novice MiBe of Trog (Lair:1)
  The ghost of nikopol the Cleaver, a novice MiBe of Trog (D:9)
  4 alligators
  3 tengu warriors
  4 orc high priests (Orc:2)
  Nergalle (D:11)
  18 slime creatures
  3 skeletal warriors (D:15)
  2 unseen horrors
  4 hill giants
  A necromancer (D:13)
  12 ugly things
  5 griffons
  6 orc knights (Orc:2)
  3 deep elf magi (D:15)
  A wizard (D:15)
  4 manticores
  4 cyclopes
  5 orc sorcerers (Orc:2)
  3 wolf spider zombies
  A centaur zombie (D:13)
  8 black mambas
  3 elephants (Lair:3)
  A torpor snail (Lair:6)
  3 centaur skeletons
  2 gargoyles
  3 kobold demonologists (D:14)
  30 spiny frogs
  A rime drake (shapeshifter) (D:14)
  11 rime drakes
  A tengu conjurer (D:14)
  12 komodo dragons
  2 efreet
  2 freezing wraiths (D:15)
  2 yaktaurs (D:13)
  11 trolls
  5 two-headed ogres
  2 polar bears
  A merfolk (D:9)
  Grinder (D:5)
  2 bog bodies (Swamp:1)
  5 giant leeches
  16 blink frogs
  A centaur simulacrum (D:15)
  4 spriggans (Swamp:2)
  Sigmund (D:5)
  2 water elementals (D:11)
  2 shadows
  59 yaks
  11 wyverns
  3 wraiths (Swamp:1)
  7 basilisks
  16 humans (D:13)
  13 vampire mosquitoes
  18 hippogriffs
  3 hungry ghosts
  6 insubstantial wisps (Swamp:1)
  30 water moccasins
  6 wargs
  11 swamp worms
  A soldier ant (D:13)
  8 porcupines
  39 orc warriors
  4 sky beasts
  A black bear (D:8)
  2 swamp drakes
  5 eyes of draining
  2 necrophages
  7 wasps
  15 centaurs
  A phantom (D:4)
  22 ogres
  9 wolves
  2 ice beasts
  2 big kobolds (D:14)
  13 crocodiles
  32 giant frogs
  A wyvern zombie (D:8)
  A water moccasin zombie (D:7)
  An elf skeleton (D:8)
  7 scorpions
  10 killer bees
  14 howler monkeys
  12 wights
  11 electric eels
  6 crimson imps
  3 giant frog zombies
  13 jellies
  3 hounds
  2 human zombies (D:8)
  24 orc wizards
  2 giant frog skeletons
  37 orc priests
  2 human skeletons (D:8)
  7 iguanas
  5 hell rats (Lair:4)
  8 worker ants
  16 sheep
  A killer bee zombie (D:11)
  2 mummies (D:8)
  A howler monkey zombie (D:6)
  A worker ant zombie (D:10)
  7 gnolls
  13 adders
  65 river rats
  7 shadow imps
  12 white imps (Lair:1)
  3 oozes (Lair:8)
  An adder zombie (D:5)
  6 worms
  A dart slug (D:3)
  7 giant geckos
  106 orcs
  A ball python (D:3)
  5 bats
  3 giant cockroaches
  5 goblins
  7 hobgoblins
  2 jackals (D:2)
  3 quokkas
  4 giant newts
  A jackal skeleton (D:4)
  14 kobolds
  2 orc skeletons (D:8)
  An orc zombie (D:8)
  10 rats
1073 creatures vanquished.

Vanquished Creatures (collateral kills)
  3 blink frogs (Lair:7)
3 creatures vanquished.

Vanquished Creatures (others)
  A necromancer (D:13)
  A slime creature (Swamp:2)
  An orc (D:12)
  21 fungi
  24 plants
48 creatures vanquished.

Grand Total: 1124 creatures vanquished

Notes
Turn   | Place    | Note
--------------------------------------------------------------
     0 | D:1      | theElss the Gargoyle Berserker began the quest for the Orb.
     0 | D:1      | Reached XP level 1. HP: 14/14 MP: 1/1
   148 | D:1      | Reached XP level 2. HP: 17/19 MP: 2/2
   607 | D:1      | Found a glowing golden altar of the Shining One.
  1062 | D:2      | Reached XP level 3. HP: 23/23 MP: 3/3
  1212 | D:2      | Reached ** piety under Trog
  1533 | D:3      | Found a shattered altar of Ashenzari.
  1550 | D:3      | Found a shadowy altar of Dithmenos.
  1564 | D:3      | Reached XP level 4. HP: 29/29 MP: 4/4
  1791 | D:3      | Reached XP level 5. HP: 23/33 MP: 5/5
  1894 | D:3      | Found an iron altar of Okawaru.
  2313 | D:3      | Noticed an ogre
  2319 | D:3      | Killed an ogre
  2319 | D:3      | Reached *** piety under Trog
  2319 | D:3      | Reached XP level 6. HP: 39/39 MP: 6/6
  2476 | D:3      | Found a glowing silver altar of Zin.
  2481 | D:3      | Found an oddly glowing altar of Pakellas.
  2485 | D:3      | Found a deep blue altar of Sif Muna.
  3365 | D:5      | Entered Level 5 of the Dungeon
  3381 | D:5      | Noticed a necrophage
  3398 | D:5      | Killed a necrophage
  3398 | D:5      | Reached XP level 7. HP: 44/44 MP: 7/7
  3489 | D:4      | Reached skill level 5 in Fighting
  3676 | D:5      | Reached skill level 5 in Maces & Flails
  3719 | D:5      | Found a burning altar of Makhleb.
  3916 | D:5      | HP: 1/44 [ice beast (11)]
  4241 | D:5      | Noticed Grinder
  4253 | D:5      | Killed Grinder
  4253 | D:5      | Reached skill level 5 in Armour
  4253 | D:5      | Reached XP level 8. HP: 50/50 MP: 8/8
  4783 | D:5      | Noticed Sigmund
  4789 | D:5      | Killed Sigmund
  4789 | D:5      | Reached skill level 5 in Dodging
  4834 | D:5      | Found an oddly glowing altar of Pakellas.
  5463 | D:6      | Reached XP level 9. HP: 53/55 MP: 9/9
  5919 | D:6      | HP: 2/56 [orc priest/divine providence (14)]
  5928 | D:6      | HP: 2/84 [orc priest/divine providence (13)]
  6531 | D:7      | Found a staircase to the Ecumenical Temple.
  7003 | D:7      | Found a stormy altar of Qazlal.
  7611 | D:7      | Reached XP level 10. HP: 42/63 MP: 10/10
  7843 | D:8      | Found a staircase to the Lair.
  8204 | D:8      | Reached **** piety under Trog
  8338 | D:8      | Found an ancient bone altar of Kikubaaqudgha.
  8775 | D:8      | Found a basalt altar of Yredelemnul.
  8842 | D:9      | Noticed nikopol's ghost (novice MiBe)
  8986 | D:9      | Killed nikopol's ghost
  9494 | D:9      | Received a gift from Trog
  9586 | D:9      | Found a shimmering altar of Xom.
  9671 | D:9      | Reached ***** piety under Trog
  9879 | D:9      | Found a burning altar of Makhleb.
  9946 | D:9      | Reached XP level 11. HP: 51/69 MP: 11/11
 10509 | D:10     | Entered Level 10 of the Dungeon
 10749 | D:10     | Noticed inmateoo's ghost (journeyman TrWn)
 11482 | D:10     | Reached skill level 10 in Maces & Flails
 11650 | D:10     | Found a staircase to the Orcish Mines.
 11923 | D:11     | Noticed a manticore
 11942 | D:11     | Killed a manticore
 11942 | D:11     | Reached skill level 10 in Armour
 13647 | D:11     | Killed an unseen horror
 13817 | D:11     | Noticed Nergalle
 13832 | D:11     | Killed Nergalle
 13932 | D:11     | Found an opulent altar of Gozag.
 14040 | D:11     | Noticed a hill giant
 14047 | D:11     | Killed a hill giant
 14254 | D:10     | Reached skill level 10 in Fighting
 14737 | D:12     | Reached XP level 12. HP: 77/77 MP: 12/12
 15702 | Lair:1   | Entered Level 1 of the Lair of Beasts
 15724 | Lair:1   | Received a gift from Trog
 15736 | Lair:1   | Noticed nikopol's ghost (novice MiBe)
 16004 | Lair:1   | Killed nikopol's ghost
 16483 | Lair:1   | Found a frozen archway.
 16641 | Lair:1   | Noticed an ice dragon
 16659 | Lair:1   | Killed an ice dragon
 17410 | Lair:2   | Received a gift from Trog
 17410 | Lair:2   | Reached XP level 13. HP: 68/84 MP: 13/13
 17478 | Lair:2   | Found a labyrinth entrance.
 17487 | Lab      | Entered a labyrinth
 17955 | Lab      | Noticed a minotaur
 17966 | Lab      | Killed a minotaur
 19055 | Lair:3   | Received a gift from Trog
 19474 | Lair:3   | Noticed Harold
 19484 | Lair:3   | Killed Harold
 21480 | Lair:4   | Gained mutation: Your large and strong wings let you fly indefinitely. [Gargoyle growth]
 21480 | Lair:4   | Reached XP level 14. HP: 81/92 MP: 14/14
 21586 | Lair:5   | Received a gift from Trog
 22492 | Lair:5   | Found a staircase to the Swamp.
 23310 | Lair:6   | Found a hole to the Spider Nest.
 23383 | Lair:6   | Reached skill level 1 in Shields
 23591 | Lair:6   | Reached skill level 2 in Shields
 24438 | Lair:7   | Reached skill level 3 in Shields
 24553 | Lair:7   | Reached skill level 4 in Shields
 24561 | Lair:7   | Received a gift from Trog
 25493 | Lair:8   | Entered Level 8 of the Lair of Beasts
 26044 | Lair:8   | Received a gift from Trog
 26059 | Lair:8   | Noticed varam's ghost (journeyman SpEn)
 26281 | Lair:8   | Reached skill level 5 in Shields
 26515 | Lair:8   | Killed varam's ghost
 26837 | Lair:8   | Found a staircase to the Slime Pits.
 27824 | Lair:8   | Reached skill level 6 in Shields
 27824 | Lair:8   | Reached XP level 15. HP: 95/101 MP: 15/15
 27865 | Lair:8   | Reached ****** piety under Trog
 28528 | Orc:1    | Entered Level 1 of the Orcish Mines
 28857 | Orc:1    | Found Cibletra's Jewellery Shop.
 28864 | Orc:1    | Found a roughly hewn altar of Beogh.
 29218 | Orc:2    | Entered Level 2 of the Orcish Mines
 29224 | Orc:2    | Received a gift from Trog
 29943 | Orc:2    | Received a gift from Trog
 30250 | Orc:2    | Found Dila's Magic Scroll Shoppe.
 30291 | Orc:2    | Reached skill level 7 in Shields
 30572 | Orc:2    | Bought a scroll of torment for 97 gold pieces
 30572 | Orc:2    | Bought a scroll of holy word for 97 gold pieces
 30574 | Orc:2    | Bought a scroll of identify for 26 gold pieces
 30574 | Orc:2    | Bought a scroll of identify for 26 gold pieces
 30574 | Orc:2    | Bought a scroll of identify for 26 gold pieces
 30582 | Orc:2    | Found Pokef's General Store.
 30705 | Orc:2    | Bought a potion of agility for 52 gold pieces
 30711 | Orc:2    | Found a roughly hewn altar of Beogh.
 31319 | Orc:2    | Noticed an orc warlord
 31341 | Orc:2    | Killed an orc warlord
 31341 | Orc:2    | Reached skill level 8 in Shields
 31655 | Orc:2    | Found a staircase to the Elven Halls.
 32071 | Orc:2    | Reached skill level 9 in Shields
 32140 | Orc:2    | Found a roughly hewn altar of Beogh.
 32167 | Orc:2    | Received a gift from Trog
 32369 | Orc:2    | Found Kurhudyu's Antique Weapon Emporium.
 32440 | Orc:2    | Found Qoz Kiux's Assorted Antiques.
 32697 | D:10     | Killed inmateoo's ghost
 32697 | D:10     | Reached skill level 10 in Shields
 33575 | D:13     | Reached skill level 11 in Shields
 33578 | D:13     | Received a gift from Trog
 33653 | D:13     | Got a fine dagger {god gift}
 33654 | D:13     | Identified the +1 dagger "Mucodgh" {pierce, Str-3 Int+8 Dex+5} (Trog gifted it to you on level 13 of the Dungeon)
 33743 | D:13     | Found a gate to the Vaults.
 33999 | D:13     | Reached skill level 12 in Shields
 34120 | D:13     | Reached XP level 16. HP: 107/107 MP: 16/16
 34444 | D:14     | Reached skill level 13 in Shields
 34489 | D:14     | Received a gift from Trog
 35358 | D:15     | Entered Level 15 of the Dungeon
 35365 | D:15     | Reached skill level 14 in Shields
 36077 | D:15     | Found a staircase to the Depths.
 36095 | D:15     | Received a gift from Trog
 36133 | D:15     | Paralysed by an ogre mage for 3 turns
 36222 | D:15     | Found Ucyrch's Assorted Antiques.
 36398 | D:15     | Reached skill level 15 in Shields
 37039 | Swamp:1  | Entered Level 1 of the Swamp
 37148 | Swamp:1  | Noticed a thorn hunter
 37157 | Swamp:1  | Noticed Josephine
 37165 | Swamp:1  | Killed a thorn hunter
 37165 | Swamp:1  | Reached skill level 15 in Fighting
 37203 | Swamp:1  | Killed Josephine
 37695 | Swamp:1  | Noticed Kirke
 37713 | Swamp:1  | Killed Kirke
 37988 | Swamp:1  | Received a gift from Trog
 38073 | Swamp:2  | Reached XP level 17. HP: 111/113 MP: 17/17
 38313 | Swamp:2  | Reached skill level 16 in Shields
 38734 | Swamp:2  | HP: 5/114 [bog body (1)]
 38734 | Swamp:2  | Mangled by a bog body

Skill      XL: |  1  2  3  4  5  6  7  8  9 10 11 12 13 14 15 16 17 |
---------------+----------------------------------------------------+-----
Dodging        | 2 3 4 5 6 7 8 |  8.6
Armour         | 3 4 5 6 7 9 11 12 13 14 | 14.7
Fighting       | 4 5 6 7 8 10 11 12 14 15 | 15.6
Maces & Flails | 4 5 6 8 9 10 12 14 | 14.3
Shields        | 6 12 15 16 | 16.1
Evocations     | |  0.1

Action                   |  1- 3 |  4- 6 |  7- 9 | 10-12 | 13-15 | 16-18 || total
-------------------------+-------+-------+-------+-------+-------+-------++-------
Melee: Mace              |   115 |   161 |   476 |       |       |       ||   752
       Flail             |       |       |    32 |  1390 |  2671 |  1227 ||  5320
Invok: Berserk           |     1 |     5 |    10 |    18 |    20 |     2 ||    56
       Trog's Hand       |       |       |     5 |       |     5 |     1 ||    11
       Brothers in Arms  |       |       |       |       |     1 |       ||     1
 Abil: Fly               |       |       |       |       |     1 |       ||     1
Evoke: Wand              |       |       |       |     1 |     1 |       ||     2
  Use: Scroll            |       |       |     7 |     8 |    11 |     2 ||    28
       Potion            |       |       |     1 |     1 |     3 |       ||     5
  Eat: Chunk             |     2 |    10 |    19 |    35 |    70 |    18 ||   154
       Beef jerky        |       |     1 |     1 |     6 |     1 |       ||     9
       Meat ration       |       |       |     1 |     1 |     1 |       ||     3
       Pizza             |       |       |       |     1 |       |       ||     1
       Fruit             |       |       |       |       |     4 |     2 ||     6
Armor: Animal skin       |    28 |       |       |       |       |       ||    28
       Scale mail        |    12 |       |       |       |       |       ||    12
       Ring mail         |    31 |    52 |    66 |       |       |       ||   149
       Chain mail        |       |       |   244 |   547 |       |       ||   791
       Skin              |       |       |    13 |       |       |       ||    13
       Plate armour      |       |       |       |   334 |  1697 |   665 ||  2696
Dodge: Dodged            |    97 |    80 |   272 |   641 |  1065 |   336 ||  2491
Block: Buckler           |       |       |       |       |   208 |       ||   208
       Shield            |       |       |       |       |   332 |   769 ||  1101
